 Dungeon Crawl Stone Soup version 0.19-a0-1002-g674d22e (webtiles) character file.

100 mistymad the Skirmisher (level 5, -3/43 HPs)
             Began as a Formicid Abyssal Knight on July 18, 2016.
             Was a Believer of Lugonu.
             Slain by a sky beast (6 damage)
             ... on level 3 of the Dungeon.
             The game lasted 00:04:15 (2588 turns).

mistymad the Skirmisher (Formicid Abyssal Knight)   Turns: 2588, Time: 00:04:15

Health: -3/43      AC:  5    Str: 17    XL:     5   Next: 3%
Magic:  6/6        EV: 10    Int: 17    God:    Lugonu [**....]
Gold:   85         SH:  0    Dex: 10    Spells: 0 memorised, 4 levels left

rFire  . . .     SeeInvis +     a - +1 hand axe
rCold  . . .     Gourm    .     q - +0 ring mail
rNeg   . . .     Faith    .     (no shield)
rPois  .         Spirit   .     (helmet unavailable)
rElec  .         Dismiss  .     (no cloak)
rCorr  .         Reflect  .     (no gloves)
SustAt .         Harm     .     (no boots)
MR     .....                    (no amulet)
Stlth  ..........               (no ring)
                                (no ring)

@: brilliant, not resistant to hostile enchantments, extremely unstealthy
A: permanent stasis, dig shafts and tunnels, four strong arms, antennae 3
a: Dig, Shaft Self, Depart the Abyss, Bend Space, Renounce Religion


You were on level 3 of the Dungeon.
You worshipped Lugonu.
Lugonu was pleased with you.
You were hungry.

You visited 1 branch of the dungeon, and saw 3 of its levels.
You visited the Abyss 1 time.

You collected 85 gold pieces.

Inventory:

Hand Weapons
 a - a +1 hand axe (weapon)
Armour
 q - a +0 ring mail (worn)
Scrolls
 e - a scroll of magic mapping {unknown}
 f - 2 scrolls of noise {unknown}
 h - 3 scrolls of recharging {unknown}
 i - 3 scrolls of remove curse {unknown}
 m - 3 scrolls of identify {unknown}
 r - a scroll of enchant armour {unknown}
Potions
 b - a potion of heal wounds {unknown}
 g - a potion of lignification {unknown}
 j - 2 potions of resistance {unknown}
 k - 2 potions of curing {unknown}
 l - a potion of invisibility {unknown}
 n - a potion of flight {unknown}
 p - a potion of berserk rage {unknown}
Comestibles
 c - 2 bread rations


   Skills:
 + Level 4.4 Fighting
 + Level 3.1 Axes
 + Level 3.3 Armour
 - Level 0.8 Dodging
 - Level 2.1 Invocations


You had 4 spell levels left.
You didn't know any spells.

Dungeon Overview and Level Annotations

Branches:
Dungeon (3/15)

Altars:
Okawaru


Innate Abilities, Weirdness & Mutations

You are under a permanent stasis effect.
You can dig through walls and to a lower floor.
Your four strong arms can wield two-handed weapons with a shield.
You have a pair of large antennae on your head. (SInv)


Message History

* * * LOW HITPOINT WARNING * * *
You take 9 damage, and have 11/43 hp.
MASSIVE DAMAGE!!
It was a potion of brilliance.
You feel clever all of a sudden. The sky beast closely misses you.
You hit the sky beast.
The sky beast is heavily wounded.
You hit the plant but do no damage. x2; You hit the plant.
You hit the plant but do no damage. The sky beast misses you.
You hit the sky beast but do no damage.
The sky beast is heavily wounded.
You hit the plant.
You hit the plant but do no damage. x2; You hit the plant.
The sky beast hits you.
* * * LOW HITPOINT WARNING * * *
The sky beast shocks you.
* * * LOW HITPOINT WARNING * * *
The sky beast hits you.
* * * LOW HITPOINT WARNING * * *
The sky beast shocks you.
You die...

#................. ......
#>................ .....!.
#.############.... ....... #.#
#........ .......#####.#
#........ ......≈P≈..#.#
#........ .....P≈P≈.≈#.#####
#........
.....≈≈PPP.PP#...####........
.....PP≈≈♣≈P@†P#.#.....#####'
......P≈P≈≈Y♣PPPP#.....# #<
####+#.≈PPP≈≈♣≈≈≈≈P≈...# ##
#.###.#P.PP♣≈≈≈P≈...#
#.#.......P♣≈≈≈≈PP÷.######
#.#...##≈PPP♣♣≈≈≈.###.....
########.###.##PPP♣≈♣≈≈P.###.###.
#............#PPP≈♣≈♣≈PP≈.....##.
#.........P.≈PP≈♣≈≈≈PPP≈##....##.


You could see a sky beast.

Vanquished Creatures
  3 adders
  2 worms
  2 dart slugs
  2 giant geckos (D:3)
  An orc (D:3)
  6 bats
  2 giant cockroaches
  6 goblins
  7 hobgoblins
  12 kobolds
  A quokka (D:3)
  3 ball pythons
  8 giant newts
  7 rats
  A plant (D:3)
63 creatures vanquished.

Notes
Turn   | Place    | Note
-------+----------+-------------------------------------------
     0 | Abyss:1  | mistymad the Formicid Abyssal Knight began the quest for the Orb.
     0 | Abyss:1  | Reached XP level 1. HP: 18/18 MP: 2/2
     7 | Abyss:1  | Found a corrupted altar of Lugonu.
    28 | Abyss:1  | Noticed a blink frog
    44 | Abyss:1  | Noticed a crocodile
    44 | Abyss:1  | a blink frog changed into a crocodile
    48 | Abyss:1  | Noticed a small abomination
    48 | Abyss:1  | Noticed an iron imp
    50 | Abyss:1  | Noticed a large abomination
    51 | Abyss:1  | Noticed a wolf spider zombie
    65 | Abyss:1  | Noticed a spatial vortex
    69 | D:1      | Escaped the Abyss
   164 | D:1      | Reached XP level 2. HP: 13/24 MP: 3/3
   404 | D:1      | Reached * piety under Lugonu
   568 | D:1      | Reached XP level 3. HP: 25/30 MP: 4/4
   870 | D:2      | Reached skill level 4 in Fighting
  1028 | D:2      | Reached XP level 4. HP: 37/37 MP: 5/5
  1601 | D:2      | Reached ** piety under Lugonu
  1872 | D:3      | Found an iron altar of Okawaru.
  2054 | D:3      | Found a faded altar of an unknown god.
  2509 | D:3      | Reached XP level 5. HP: 39/43 MP: 6/6
  2575 | D:3      | Noticed a sky beast
  2588 | D:3      | Slain by a sky beast

Vault maps used:
D:1:      dpeg_arrival_boxorama
D:2:      first_bread
D:3:      okawaru_metal_pillars_3, ecumenical_altar_2, serial_bayou_lagoon_a

Skill      XL: |  1  2  3  4 |
---------------+-------------+-----
Fighting       | 4 |  4.4
Axes           | 3 |  3.1
Armour         | 3 |  3.3
Dodging        | |  0.8
Invocations    | |  2.1

Action                   |  1- 3 |  4- 6 || total
-------------------------+-------+-------++-------
Melee: Hand axe          |    92 |   131 ||   223
Invok: Depart the Abyss  |     1 |       ||     1
  Use: Potion            |       |     1 ||     1
  Eat: Chunk             |       |     5 ||     5
Armor: Leather armour    |    36 |     6 ||    42
       Ring mail         |       |    31 ||    31
Dodge: Dodged            |    67 |    51 ||   118
